cohdb
Replays
Latest Replays
All Replays
Popular Replays
Top Player Replays
Match Explorer
How It Works
Community
CoH3 Stats
Reddit
Sign in to upload your games and track your stats! →
Sign in with Steam
Match 43856221
Unlisted
Match 43856221
Overview
Messages
Build Orders
End
Construct Infanterie Kompanie
Grenadier Squad
MG 42 Machine Gun Team
Grenadier Squad
Construct Luftwaffe Kompanie
Grenadier Squad
GrW 34 Mortar Team
Medical Bunker
Support Elements
Marder III M Tank Destroyer
Wirbelwind Flakpanzer
Selects Terror Battlegroup
Selects Machine Gun Camouflage
Selects No Quarter
Forward Retreat Point
Space5
Ha22y79
Zerg6412
simranjitsingh713
PJ_Four
♛Prince-Of-Persia♛
TheStorm
std::shared_ptr<std::string>();
0
0
Comments
sign in to comment!
No comments posted yet!